AoeStats
← Párečkuss Maximus

Black Forest

509921968Analyzed
3v3 RM · 5d ago on Sep 28, 2026· 41m 13s· 6 players
Game mode
Random Map
Map size
Normal (6 player)
Population
200
Speed
Normal
Resources
Standard
Victory
Conquest
Starting age
Dark Age
Ending age
Imperial Age
RankedLock teamsTeams togetherTeam positionsShared explorationLock speedFull tech treeHidden civsTurbo modeCheats
Victory
Defeat
🇲🇽 Khmer · Mexico
958
+14
🇦🇷 Magyars · Argentina
956
+14
🇹🇼 Spanish · Taiwan
927
+17
🇩🇪 Turks · Germany
940
-16
🇹🇷 Persians · Türkiye
919
-15
🇨🇿 Poles · Czechia
900
-40
Párečkuss Maximus
13:04 Feudal Age
13:27 Horse Collar
13:36 Double-Bit Axe
16:34 Scale Barding Armor
16:30 Padded Archer Armor
17:32 Loom
18:46 Stone Mining
OSMANE38
0:47 Loom
15:04 Feudal Age
26:30 Castle Age
24:15 Horse Collar
24:24 Double-Bit Axe
24:36 Stone Mining
24:38 Gold Mining
28:29 Gold Shaft Mining
31:18 Wheelbarrow
37:39 Imperial Age
35:57 Bow Saw
36:50 Town Watch
37:44 Forging
37:25 Fletching
37:36 Padded Archer Armor
39:09 Heavy Plow
JOSE_JOE
1:16 Loom
12:54 Feudal Age
16:52 Castle Age
14:53 Double-Bit Axe
18:04 Bow Saw
22:20 Pikeman
23:01 Squires
24:41 Horse Collar
27:04 Heavy Plow
27:36 Gold Mining
30:46 Gold Shaft Mining
34:07 Imperial Age
32:13 Wheelbarrow
31:24 Town Watch
32:02 Ballistics
31:38 Stone Mining
32:05 Scale Barding Armor
32:10 Forging
33:39 Chain Barding Armor
33:11 Fletching
33:21 Padded Archer Armor
33:40 Hand Cart
33:25 Town Patrol
35:08 Bloodlines
34:59 Husbandry
34:21 Cavalier
35:54 Conscription
35:33 Light Cavalry
37:53 Stone Shaft Mining
37:30 Hussar
39:43 Chemistry
39:42 Halberdier
dafr1997
1:03 Loom
11:37 Feudal Age
13:27 Wheelbarrow
16:00 Castle Age
16:48 Double-Bit Axe
16:47 Horse Collar
17:35 Heavy Plow
18:44 Husbandry
20:38 Bow Saw
25:25 Fervor
25:36 Sanctity
25:33 Gold Mining
27:03 Town Watch
27:47 Fortified Wall
28:13 Redemption
29:58 Gold Shaft Mining
33:00 Imperial Age
30:32 Stone Mining
31:00 Town Patrol
31:39 Hand Cart
33:22 Stone Shaft Mining
35:26 Conscription
35:10 Tusk Swords
35:33 Elite Ballista Elephant
38:12 Crop Rotation
38:40 Bloodlines
39:34 Forging
39:30 Scale Barding Armor
39:16 Fletching
39:27 Padded Archer Armor
41:02 Theocracy
42:20 Iron Casting
42:05 Chain Barding Armor
41:47 Bodkin Arrow
承
1:06 Loom
12:15 Feudal Age
12:54 Double-Bit Axe
20:00 Castle Age
18:11 Horse Collar
19:10 Stone Mining
19:46 Scale Barding Armor
20:15 Bloodlines
22:11 Forging
22:05 Husbandry
22:47 Bow Saw
30:59 Imperial Age
29:21 Wheelbarrow
28:33 Town Watch
29:10 Scale Mail Armor
29:40 Gold Mining
30:15 Chain Barding Armor
31:26 Iron Casting
30:31 Light Cavalry
31:50 Hand Cart
32:41 Chain Mail Armor
33:59 Two-Man Saw
33:43 Town Patrol
34:21 Plate Barding Armor
35:13 Blast Furnace
35:36 Plate Mail Armor
35:05 Elite Conquistador
39:18 Murder Holes
ManuJaho
12:13 Feudal Age
10:33 Loom
12:21 Feudal Age
10:40 Loom
16:02 Castle Age
14:12 Double-Bit Axe
14:09 Horse Collar
18:34 Wheelbarrow
19:08 Bow Saw
21:32 Stone Mining
22:57 Gold Mining
24:11 Fervor
25:28 Fletching
25:40 Scale Mail Armor
25:36 Fletching
25:51 Padded Archer Armor
30:04 Imperial Age
27:46 Heavy Plow
28:25 Ballistics
28:16 Bodkin Arrow
28:36 Leather Archer Armor
28:28 Scale Barding Armor
29:05 Thumb Ring
29:25 Corvinian Army
30:14 Gold Shaft Mining
30:57 Recurve Bow
31:00 Husbandry
31:10 Bloodlines
32:08 Chemistry
31:10 Bracer
31:40 Ring Archer Armor
31:50 Ring Archer Armor
32:18 Parthian Tactics
32:07 Siege Engineers
33:42 Conscription
32:59 Heavy Cavalry Archer
34:08 Light Cavalry
36:24 Two-Man Saw
36:33 Pikeman
36:46 Hussar
Connection lost

Rejoining the realm…

Still unreachable

The connection could not be restored.

Session expired

The server has moved on; the page needs a fresh start.